SA
PHOENIX HOTSPUR U-21 @ CHICAGO TULA
08/02/2037
 
TOP OF THE 1ST
Phoenix Hotspur U-21 batting - Pitching for Chicago Tula : RHP William Burkett
Pitching: RHP William Burkett
Batting: RHB Frank Ray 0-0: Ball
1-0: Ground out 6-3 (Groundball, 4MD, EV 95.0 MPH)
Batting: LHB Ben Tyler 0-0: Called Strike
0-1: Ball
1-1: Swinging Strike
1-2: Foul Ball, location: 2F
1-2: Foul Ball, location: 2F
1-2: Ball
2-2: Foul Ball, location: 2F
2-2: Foul Ball, location: 2F
2-2: Foul Ball, location: 2F
2-2: Fly out, F8 (Flyball, 8RM, EV 91.9 MPH)
Batting: LHB Alfonso Ram甏ez 0-0: Ball
1-0: Fly out, F8 (Flyball, 8RM, EV 85.0 MPH)
Top of the 1st over - 0 runs, 0 hits, 0 errors, 0 left on base; Phoenix 0 - Chicago 0
BOTTOM OF THE 1ST
Chicago Tula batting - Pitching for Phoenix Hotspur U-21 : RHP Matt Dunn
Pitching: RHP Matt Dunn
Batting: RHB Marvin Clark 0-0: Foul Ball, location: 2F
0-1: Called Strike
0-2: Ball
1-2: Foul Ball, location: 2F
1-2: Strikes out swinging, 2-3 out at first.
Batting: RHB Xiao-yong Huang 0-0: Foul Ball, location: 2F
0-1: Ball
1-1: Foul Ball, location: 2F
1-2: Ball
2-2: Ball
3-2: Foul Ball, location: 2F
3-2: Ground out 6-3 (Groundball, 6S, EV 87.5 MPH)
Batting: LHB Steve Whitehead 0-0: Called Strike
0-1: Ground out 6-3 (Groundball, 6, EV 109.4 MPH)
Bottom of the 1st over - 0 runs, 0 hits, 0 errors, 0 left on base; Phoenix 0 - Chicago 0
TOP OF THE 2ND
Phoenix Hotspur U-21 batting - Pitching for Chicago Tula : RHP William Burkett
Batting: RHB Nate Edwards 0-0: Swinging Strike
0-1: Foul Ball, location: 2F
0-2: Foul Ball, location: 2F
0-2: SINGLE (Line Drive, 89S, EV 106.9 MPH)
Batting: LHB Daniel Joseph 0-0: Ball
1-0: Called Strike
1-1: Ball
2-1: Foul Ball, location: 2F
2-2: Ball
3-2: Ground out 4-3 (Groundball, 4MD, EV 89.4 MPH)
Nate Edwards to second
Batting: RHB Ronnie Wise 0-0: Foul Ball, location: 2F
0-1: Foul Ball, location: 2F
0-2: Foul Ball, location: 2F
0-2: Strikes out swinging
Batting: RHB Jesse McCoy 0-0: Foul Ball, location: 2F
0-1: Ball
1-1: Foul Ball, location: 2F
1-2: Strikes out swinging
Top of the 2nd over - 0 runs, 1 hit, 0 errors, 1 left on base; Phoenix 0 - Chicago 0
BOTTOM OF THE 2ND
Chicago Tula batting - Pitching for Phoenix Hotspur U-21 : RHP Matt Dunn
Batting: RHB Omar Krutsinger 0-0: Called Strike
0-1: Ground out 6-3 (Groundball, 6, EV 98.8 MPH)
Batting: LHB William Anderson 0-0: Ball
1-0: Foul Ball, location: 2F
1-1: Ball
2-1: Ball
3-1: Called Strike
3-2: Base on Balls
Batting: RHB Eddie Hickford 0-0: Ball
1-0: Swinging Strike
1-1: Ball
2-1: Called Strike
2-2: Ball
3-2: Strikes out swinging
Batting: RHB Tolenka Kafengauz 0-0: Ball
1-0: Called Strike
1-1: Ball
2-1: Swinging Strike
2-2: Ground out 4-3 (Groundball, 4M, EV 83.8 MPH)
Bottom of the 2nd over - 0 runs, 0 hits, 0 errors, 1 left on base; Phoenix 0 - Chicago 0
TOP OF THE 3RD
Phoenix Hotspur U-21 batting - Pitching for Chicago Tula : RHP William Burkett
Batting: RHB Sotatsu Kokawa 0-0: Ball
1-0: Ground out 6-3 (Groundball, 6, EV 101.2 MPH)
Batting: RHB Tim Gray 0-0: Ball
1-0: Called Strike
1-1: Called Strike
1-2: Ball
2-2: Strikes out swinging
Batting: RHB Frank Ray 0-0: SINGLE (Groundball, 56D, EV 96.2 MPH)
Batting: LHB Ben Tyler 0-0: Called Strike
Frank Ray steals 2nd base
0-1: Ball
1-1: Ball
2-1: SINGLE (Line Drive, 34D, EV 100.0 MPH)
Frank Ray to third
Batting: LHB Alfonso Ram甏ez 0-0: Ball
1-0: Ball
2-0: Called Strike
2-1: SINGLE (Flyball, 89M, EV 86.9 MPH)
Frank Ray scores
Ben Tyler to second
Runner from 2nd tries for 3rd, SAFE, throw by CF made to third
Batting: RHB Nate Edwards 0-0: Foul Ball, location: 2F
0-1: Ball
1-1: Swinging Strike
1-2: Strikes out looking
Top of the 3rd over - 1 run, 3 hits, 0 errors, 2 left on base; Phoenix 1 - Chicago 0
BOTTOM OF THE 3RD
Chicago Tula batting - Pitching for Phoenix Hotspur U-21 : RHP Matt Dunn
Batting: SHB Carl Wilson 0-0: SINGLE (Flyball, 34D, EV 88.8 MPH)
Batting: RHB Jaypee Layug 0-0: Called Strike
0-1: Fielders Choice at 2nd, 6-4 (Groundball, 6, EV 85.0 MPH)
Batting: RHB Marvin Clark 0-0: Ball
1-0: Called Strike
1-1: Ball
2-1: Foul Ball, location: 2F
2-2: Fly out, F7 (Flyball, 7LDF, EV 105.0 MPH)
Batting: RHB Xiao-yong Huang 0-0: Called Strike
0-1: Swinging Strike
0-2: Ball
1-2: Ball
2-2: Ball
Jaypee Layug steals 2nd base
3-2: Foul Ball, location: 2F
3-2: Foul Ball, location: 2F
3-2: Strikes out swinging, 2-3 out at first.
Bottom of the 3rd over - 0 runs, 1 hit, 0 errors, 1 left on base; Phoenix 1 - Chicago 0
TOP OF THE 4TH
Phoenix Hotspur U-21 batting - Pitching for Chicago Tula : RHP William Burkett
Batting: LHB Daniel Joseph 0-0: Ball
1-0: SOLO HOME RUN (Flyball, 9LD, EV 100.6 MPH), Distance : 331 ft
Batting: RHB Ronnie Wise 0-0: Ball
1-0: Foul Ball, location: 2F
1-1: Ground out 6-3 (Groundball, 6, EV 76.9 MPH)
Batting: RHB Jesse McCoy 0-0: Called Strike
0-1: Swinging Strike
0-2: Ball
1-2: Ground out 1-3 (Groundball, P, EV 95.0 MPH)
Batting: RHB Sotatsu Kokawa 0-0: Called Strike
0-1: Ball
1-1: Fly out, F7 (Flyball, 7S, EV 90.0 MPH)
Top of the 4th over - 1 run, 1 hit, 0 errors, 0 left on base; Phoenix 2 - Chicago 0
BOTTOM OF THE 4TH
Chicago Tula batting - Pitching for Phoenix Hotspur U-21 : RHP Matt Dunn
Batting: LHB Steve Whitehead 0-0: Ball
1-0: Called Strike
1-1: Ball
2-1: Ball
3-1: SINGLE (Line Drive, 5D, EV 94.4 MPH)
Batting: RHB Omar Krutsinger 0-0: Ball
1-0: Foul Ball, location: 2F
1-1: Ball
2-1: Foul Ball, location: 2F
2-2: Grounds into double play, 4-6-3 (Groundball, 4M, EV 91.2 MPH)
Batting: LHB William Anderson 0-0: Ball
1-0: Called Strike
1-1: Swinging Strike
1-2: Foul Ball, location: 2F
1-2: Hit by Pitch
Batting: RHB Eddie Hickford 0-0: Ball
1-0: Called Strike
1-1: Ball
2-1: Swinging Strike
2-2: Strikes out swinging
Bottom of the 4th over - 0 runs, 1 hit, 0 errors, 1 left on base; Phoenix 2 - Chicago 0
TOP OF THE 5TH
Phoenix Hotspur U-21 batting - Pitching for Chicago Tula : RHP William Burkett
Batting: RHB Tim Gray 0-0: DOUBLE (Line Drive, 89D, EV 108.1 MPH)
Batting: RHB Frank Ray 0-0: Ball
1-0: Ball
2-0: Ball
3-0: Base on Balls
Batting: LHB Ben Tyler 0-0: Foul Ball, location: 2F
0-1: Swinging Strike
Passed Ball!
Tim Gray to third
Frank Ray to second
0-2: Strikes out looking
Batting: LHB Alfonso Ram甏ez 0-0: Foul Ball, location: 2F
0-1: Ball
1-1: Ball
2-1: Fly out, F8 (Line Drive, 8LD, EV 103.8 MPH)
Runner from 3rd tags up, SCORES, throw by CF
Frank Ray to third
Batting: RHB Nate Edwards 0-0: Called Strike
0-1: Ball
1-1: Ball
2-1: Ball
3-1: Base on Balls
Batting: LHB Daniel Joseph 0-0: Swinging Strike
0-1: SINGLE (Line Drive, 6M, EV 98.1 MPH)
Frank Ray scores
Nate Edwards to second
Runner from 2nd tries for 3rd, SAFE, no throw by CF
Batting: RHB Ronnie Wise 0-0: Foul Ball, location: 2F
0-1: Ball
1-1: Foul Ball, location: 2F
1-2: Foul Ball, location: 2F
1-2: Ball
2-2: Ball
3-2: 3-RUN HOME RUN (Flyball, 7LD, EV 100.6 MPH), Distance : 345 ft
Pitching: LHP Mario Quintero
Batting: RHB Jesse McCoy 0-0: Swinging Strike
0-1: Ball
1-1: Reached on error, E5 (Groundball, 56S, EV 85.0 MPH)
Batting: RHB Sotatsu Kokawa 0-0: Called Strike
0-1: Ground out 5-3 (Groundball, 56S, EV 71.9 MPH)
Top of the 5th over - 5 runs, 3 hits, 1 error, 1 left on base; Phoenix 7 - Chicago 0
BOTTOM OF THE 5TH
Chicago Tula batting - Pitching for Phoenix Hotspur U-21 : RHP Matt Dunn
Batting: RHB Tolenka Kafengauz 0-0: Ground out 5-3 (Groundball, 56, EV 85.0 MPH)
Batting: SHB Carl Wilson 0-0: SOLO HOME RUN (Flyball, 89XD, EV 106.2 MPH), Distance : 413 ft
Batting: RHB Jaypee Layug 0-0: Ball
1-0: Swinging Strike
1-1: Ball
2-1: SINGLE (Groundball, 6D, EV 96.2 MPH)
Batting: RHB Marvin Clark 0-0: Fly out, F8 (Flyball, 8LXD, EV 108.8 MPH)
Batting: RHB Xiao-yong Huang 0-0: Ball
1-0: Ball
2-0: Hit by Pitch
Jaypee Layug to second
Batting: LHB Steve Whitehead 0-0: Ball
1-0: Ball
2-0: Ball
3-0: Called Strike
3-1: Base on Balls
Jaypee Layug to third
Xiao-yong Huang to second
Batting: RHB Omar Krutsinger 0-0: Ball
1-0: Ball
2-0: Ball
3-0: Called Strike
3-1: Base on Balls
Jaypee Layug scores
Xiao-yong Huang to third
Steve Whitehead to second
Batting: LHB William Anderson 0-0: Ball
1-0: Called Strike
1-1: Ball
2-1: Called Strike
2-2: GRAND SLAM HOME RUN (Flyball, 89XD, EV 105.0 MPH), Distance : 424 ft
Pitching: RHP 聲gel Ibarra
Batting: RHB Eddie Hickford 0-0: Called Strike
0-1: Ball
1-1: Foul Ball, location: 2F
1-2: Strikes out looking
Bottom of the 5th over - 6 runs, 3 hits, 0 errors, 0 left on base; Phoenix 7 - Chicago 6
TOP OF THE 6TH
Phoenix Hotspur U-21 batting - Pitching for Chicago Tula : LHP Mario Quintero
Batting: RHB Tim Gray 0-0: Foul Ball, location: 2F
0-1: Swinging Strike
0-2: Ball
1-2: Strikes out swinging
Batting: RHB Frank Ray 0-0: Called Strike
0-1: Called Strike
0-2: Ball
1-2: Ball
2-2: Strikes out swinging
Batting: LHB Ben Tyler 0-0: Called Strike
0-1: SINGLE (Groundball, 4MD, EV 93.8 MPH)
Batting: LHB Alfonso Ram甏ez 0-0: Swinging Strike
0-1: Foul Ball, location: 2F
0-2: DOUBLE (Line Drive, 9LM, EV 108.1 MPH)
Ben Tyler to third
Runner from 3rd tries for Home, SAFE, throw by RF to home
Batting: RHB Nate Edwards 0-0: Foul Ball, location: 2F
0-1: Ball
1-1: Foul Ball, location: 2F
1-2: SINGLE (Groundball, 6D, EV 94.4 MPH)
Alfonso Ram甏ez to third
Batting: LHB Daniel Joseph 0-0: Ball
1-0: Ball
Pickoff Throw to First - Out! 1-3
Top of the 6th over - 1 run, 3 hits, 0 errors, 1 left on base; Phoenix 8 - Chicago 6
BOTTOM OF THE 6TH
Chicago Tula batting - Pitching for Phoenix Hotspur U-21 : RHP 聲gel Ibarra
Batting: RHB Tolenka Kafengauz 0-0: Called Strike
0-1: Ball
1-1: Fly out, F8 (Line Drive, 8RM, EV 88.8 MPH)
Batting: SHB Carl Wilson 0-0: Called Strike
0-1: Swinging Strike
0-2: Strikes out swinging
Batting: RHB Jaypee Layug 0-0: Ball
1-0: Ground out 1-3 (Groundball, P, EV 80.0 MPH)
Bottom of the 6th over - 0 runs, 0 hits, 0 errors, 0 left on base; Phoenix 8 - Chicago 6
TOP OF THE 7TH
Phoenix Hotspur U-21 batting - Pitching for Chicago Tula : LHP Mario Quintero
Batting: LHB Daniel Joseph 0-0: Called Strike
0-1: Ball
1-1: SINGLE (Groundball, 34D, EV 93.8 MPH)
Batting: RHB Ronnie Wise 0-0: Ball
1-0: Foul Ball, location: 2F
1-1: Ball
2-1: Foul Ball, location: 2F
2-2: Ball
3-2: Foul Ball, location: 2F
3-2: Base on Balls
Daniel Joseph to second
Batting: RHB Jesse McCoy 0-0: DOUBLE (Line Drive, 8LXD, EV 103.1 MPH)
Daniel Joseph scores
Ronnie Wise to third
Pitching: RHP Kevin Moyer
Batting: RHB Sotatsu Kokawa 0-0: Ball
1-0: Foul Ball, location: 2F
1-1: Ball
2-1: Foul Ball, location: 2F
2-2: Strikes out looking
Batting: RHB Tim Gray 0-0: Ball
1-0: Ball
2-0: Called Strike
2-1: Swinging Strike
2-2: Ball
3-2: Strikes out swinging
Batting: RHB Frank Ray 0-0: Called Strike
0-1: Foul Ball, location: 2F
0-2: Ball
1-2: Ball
2-2: Foul Ball, location: 2F
2-2: Ground out 1-3 (Groundball, 34S, EV 65.6 MPH)
Top of the 7th over - 1 run, 2 hits, 0 errors, 2 left on base; Phoenix 9 - Chicago 6
BOTTOM OF THE 7TH
Chicago Tula batting - Pitching for Phoenix Hotspur U-21 : RHP 聲gel Ibarra
Batting: RHB Marvin Clark 0-0: Ball
1-0: Ball
2-0: Called Strike
2-1: Called Strike
2-2: Ball
3-2: Foul Ball, location: 2F
3-2: Ground out 1-3 (Groundball, 34S, EV 82.5 MPH)
Batting: RHB Xiao-yong Huang 0-0: Called Strike
0-1: Swinging Strike
0-2: Ball
1-2: Foul Ball, location: 2F
1-2: Fly out, F6 (Flyball, 4MD, EV 95.0 MPH)
Batting: LHB Steve Whitehead 0-0: SINGLE (Groundball, 56D, EV 94.4 MPH)
Batting: RHB Omar Krutsinger 0-0: Called Strike
0-1: Fly out, F8 (Line Drive, 8LD, EV 90.6 MPH)
Bottom of the 7th over - 0 runs, 1 hit, 0 errors, 1 left on base; Phoenix 9 - Chicago 6
TOP OF THE 8TH
Phoenix Hotspur U-21 batting - Pitching for Chicago Tula : RHP Kevin Moyer
Batting: LHB Ben Tyler 0-0: Fly out, F4 (Line Drive, 4, EV 70.0 MPH)
Batting: LHB Alfonso Ram甏ez 0-0: Foul Ball, location: 2F
0-1: Ball
1-1: Ball
2-1: Foul Ball, location: 2F
2-2: Ball
3-2: SINGLE (Line Drive, 7LS, EV 103.8 MPH)
Batting: RHB Nate Edwards 0-0: Ball
1-0: Called Strike
1-1: Swinging Strike
1-2: Ball
2-2: Ball
3-2: Strikes out swinging
Batting: LHB Daniel Joseph 0-0: Ball
1-0: SINGLE (Flyball, 9S, EV 87.5 MPH)
Alfonso Ram甏ez to second
Runner from 2nd tries for 3rd, SAFE, throw by RF made to third
Batting: RHB Ronnie Wise 0-0: Swinging Strike
0-1: Foul Ball, location: 2F
0-2: Ball
1-2: Ball
2-2: 3-RUN HOME RUN (Flyball, 78XD, EV 91.9 MPH), Distance : 395 ft
Batting: RHB Jesse McCoy 0-0: Called Strike
0-1: Ball
1-1: Ground out 1-3 (Groundball, 13S, EV 64.4 MPH)
Top of the 8th over - 3 runs, 3 hits, 0 errors, 0 left on base; Phoenix 12 - Chicago 6
BOTTOM OF THE 8TH
Chicago Tula batting - Pitching for Phoenix Hotspur U-21 : RHP 聲gel Ibarra
Batting: LHB William Anderson 0-0: Ball
1-0: Fly out, F8 (Flyball, 78S, EV 72.5 MPH)
Batting: RHB Eddie Hickford 0-0: Foul Ball, location: 2F
0-1: Called Strike
0-2: Ball
1-2: Fly out, F8 (Flyball, 8RS, EV 81.2 MPH)
Batting: RHB Tolenka Kafengauz 0-0: Called Strike
0-1: Foul Ball, location: 2F
0-2: Ball
1-2: Foul Ball, location: 2F
1-2: Strikes out swinging
Bottom of the 8th over - 0 runs, 0 hits, 0 errors, 0 left on base; Phoenix 12 - Chicago 6
TOP OF THE 9TH
Phoenix Hotspur U-21 batting - Pitching for Chicago Tula : RHP Kevin Moyer
Batting: RHB Sotatsu Kokawa 0-0: Called Strike
0-1: Foul Ball, location: 2F
0-2: Ball
1-2: Ball
2-2: Fly out, F8 (Flyball, 78D, EV 96.9 MPH)
Batting: RHB Tim Gray 0-0: Called Strike
0-1: Ball
1-1: Ground out 6-3 (Groundball, 56, EV 99.4 MPH)
Batting: RHB Frank Ray 0-0: Ball
1-0: Called Strike
1-1: Foul Ball, location: 2F
1-2: Ball
2-2: Strikes out looking
Top of the 9th over - 0 runs, 0 hits, 0 errors, 0 left on base; Phoenix 12 - Chicago 6
BOTTOM OF THE 9TH
Chicago Tula batting - Pitching for Phoenix Hotspur U-21 : RHP 聲gel Ibarra
Batting: SHB Carl Wilson 0-0: Foul Ball, location: 2F
0-1: Ball
1-1: Ball
2-1: Ball
3-1: Base on Balls
Batting: RHB Jaypee Layug 0-0: Ball
1-0: Foul Ball, location: 2F
1-1: Fly out, F7 (Flyball, 7, EV 91.2 MPH)
Batting: RHB Marvin Clark 0-0: Called Strike
0-1: Ball
1-1: SINGLE (Line Drive, 7S, EV 98.1 MPH)
Carl Wilson to second
Batting: RHB Xiao-yong Huang 0-0: Ball
1-0: Ball
2-0: Ball
3-0: Called Strike
3-1: Base on Balls
Carl Wilson to third
Marvin Clark to second
Batting: LHB Steve Whitehead 0-0: Called Strike
0-1: Called Strike
0-2: DOUBLE (Flyball, 8LXD, EV 101.2 MPH)
Carl Wilson scores
Marvin Clark scores
Xiao-yong Huang to third
Pitching: RHP Luis Bruno
Batting: RHB Omar Krutsinger 0-0: Fly out, F4 (Popup, 4, EV 63.1 MPH)
Batting: LHB William Anderson 0-0: Foul Ball, location: 2F
0-1: Ball
1-1: Called Strike
1-2: Foul Ball, location: 2F
1-2: Foul Ball, location: 2F
1-2: Foul Ball, location: 2F
1-2: Strikes out swinging
Bottom of the 9th over - 2 runs, 2 hits, 0 errors, 2 left on base; Phoenix 12 - Chicago 8
Thursday, January 23rd, 2020 - OOTP Baseball 20.8 Build 74